 Dungeon Crawl Stone Soup version 0.31.0-12-g77e489cdc1 (webtiles) character file.

Game seed: 7709011372467543697

5197 Arctor the Arsonist (level 10, -2/50 HPs)
             Began as a Deep Elf Fire Elementalist on Feb 22, 2024.
             Was a Follower of Sif Muna.
             Slain by a troll (13 damage)
             ... on level 9 of the Dungeon.
             The game lasted 00:14:30 (10907 turns).

Arctor the Arsonist (Deep Elf Fire Elementalist)   Turns: 10907, Time: 00:14:30

Health: -2/50      AC:  5    Str:  2    XL:     10   Next: 34%
Magic:  4/24       EV: 13    Int: 27    God:    Sif Muna [*.....]
Gold:   368        SH:  4    Dex: 19    Spells: 16/26 levels left

rFire   . . .        l - +0 dagger (distort)
rCold   . . .        f - +0 buckler
rNeg    . . .        x - +1 leather armour "Coch" {Int+3 SInv}
rPois   .            (no helmet)
rElec   .            o - scarf {shadows}
rCorr   .            t - +0 pair of gloves
SInv    +            (no boots)
Will    +....        C - amulet of faith
Stlth   ++++         (no ring)
HPRegen 0.28/turn    (no ring)
MPRegen 0.19/turn

%: faith
@: no status effects
A: talons 1, agile 1, weak 1, inability to drink after injury 1
a: Renounce Religion, Channel Magic


You were on level 9 of the Dungeon.
You worshipped Sif Muna.
Sif Muna was aware of your devotion.
You visited 2 branches of the dungeon, and saw 10 of its levels.

You collected 368 gold pieces.

Inventory:

Hand Weapons
 l - a +0 dagger of distortion (weapon)
 z - a +4 quarterstaff of chaos
Missiles
 n - a throwing net
Armour
 a - a +0 robe
 f - a +0 buckler (worn)
 k - a +0 cloak
 o - a scarf of shadows (worn)
 t - a +0 pair of gloves (worn)
 v - a +1 leather armour of poison resistance
 x - the +1 leather armour "Coch" (worn) {Int+3 SInv}
   (You took it off an orc priest on level 5 of the Dungeon)

   Int+3:     It affects your intelligence (+3).
   SInv:      It lets you see invisible.
Magical Staves
 H - a staff of air
Jewellery
 w - an amulet of guardian spirit
 C - an amulet of faith (around neck)
 G - an amulet of regeneration
Wands
 c - a wand of polymorph (4)
 p - a wand of iceblast (6)
 r - a wand of paralysis (8)
 D - a wand of flame (24)
Scrolls
 g - a scroll of immolation
 i - 2 scrolls of vulnerability
 u - a scroll of enchant armour
 y - a scroll of teleportation
 E - a scroll of butterflies {unknown}
 F - a scroll of poison
 J - a scroll of silence {unknown}
Potions
 b - a potion of magic
 d - a potion of resistance
 e - 4 potions of mutation
 h - 2 potions of heal wounds
 j - 2 potions of curing {unknown}
 m - 5 potions of haste {unknown}
 q - a potion of might {unknown}
 s - 4 potions of attraction {unknown}
 A - a potion of brilliance {unknown}
 B - a potion of enlightenment {unknown}
 I - a potion of degeneration {unknown}


   Skills:
 + Level 8.0 Dodging
 + Level 8.6 Stealth
 + Level 8.6 Spellcasting
 + Level 6.8 Conjurations
 * Level 10.2 Fire Magic
 + Level 1.3 Invocations


You had 16 spell levels left.
You knew the following spells:

 Your Spells              Type           Power      Damage    Failure   Level
a - Foxfire               Conj/Fire      100%       2x1d9     1%          1
b - Scorch                Fire           100%       2d9       1%          2
c - Volatile Blastmotes   Fire/Tloc      78%        2d16      11%         3
d - Flame Wave            Conj/Fire      55%        2d13      9%          4

Your spell library contained the following spells:

 Spells                   Type           Power      Damage    Failure   Level
 Inner Flame              Hex/Fire       39%        N/A       11%         3
 Sticky Flame             Fire/Alch      39%        2d8       34%         4


Dungeon Overview and Level Annotations

Branches:
Dungeon (9/15)             Temple (1/1) D:7
   Lair: D:8-11         Orc: D:9-12

Altars:
Ashenzari
Cheibriados
Dithmenos
Elyvilon
Fedhas
Gozag
Hepliaklqana
Kikubaaqudgha
Nemelex Xobeh
Okawaru
Qazlal
Ru
Sif Muna
Trog
Uskayaw
Vehumet
Xom
Zin
The Shining One

Shops:
D:6 !


Innate Abilities, Weirdness & Mutations

You have sharp toenails.
You are agile. (Dex +4, Str/Int -1)
You are weak. (Str -2)
You occasionally lose the ability to drink potions when taking damage.


Message History

Casting: Scorch (safe; 1% risk of failure)
Confirm with . or Enter, or press ? or * to list all spells.
Flames lash the orc priest.
The orc priest is burned terribly!
You kill the orc priest!
Sif Muna accepts your kill.
You hear a shout! x6
Casting: Scorch (safe; 1% risk of failure)
Confirm with . or Enter, or press ? or * to list all spells.
Flames lash the troll.
The troll is lightly wounded.
The troll misses you. The troll claws you. The troll claws you!
Casting: Scorch (safe; 1% risk of failure)
Confirm with . or Enter, or press ? or * to list all spells.
Flames lash the troll.
The troll is burned terribly!
The troll is heavily wounded.
The troll misses you. x2; The troll claws you.
An orc comes into view. It is wielding a +0 dagger.
Casting: Scorch (safe; 1% risk of failure)
Confirm with . or Enter, or press ? or * to list all spells.
Flames lash the troll.
The troll is burned terribly!
The troll is severely wounded.
You hear a shout! x2
The troll bites you!
* * * LOW HITPOINT WARNING * * *
The troll barely misses you. You block the troll's attack.
An orc comes into view. It is wielding a +0 dagger.
You hear a shout! x3
Okay, then.
You feel much better. The troll bites you!
* * * LOW HITPOINT WARNING * * *
The troll completely misses you. The troll claws you but does no damage.
An orc comes into view. It is wielding a +0 club.
There is a stone staircase leading up here.
Casting: Scorch (safe; 1% risk of failure)
Confirm with . or Enter, or press ? or * to list all spells.
Flames lash the troll.
The troll is burned terribly!
The troll is almost dead.
You hear a shout! x2
The troll bites you!
You die...

#.# ##### #.#
#.####.######...# #.#
#...............# #.#
........#####...# #.# ##
#.####..# ##.######.#
#≈## # #..# #.........#
≈≈≈# ...# #..########
≈≈≈# ###.# #..#######
##≈≈≈## #####
#.@......###~~≈≈≈##
#.).#T######.##.~≈≈≈~.#
#.8o))# #....~≈≈≈≈..
#...#.# ###...#######.
#o####.####(.......)..§.
$ #......<)..#######.
#.######....~≈≈≈~.. #.#
#...##.≈≈≈≈≈.#
#.......[###~≈≈~~#


You could see a troll (combustible) and 2 orcs.

Vanquished Creatures
  Pikel (D:7)
  2 hornets (D:8)
  8 yaks
  An unseen horror simulacrum (D:9)
  Edmund (D:5)
  3 sky beasts
  4 ice beasts
  An ogre (D:5)
  A centaur (D:8)
  A phantom (D:6)
  2 kobold brigands
  4 lemures (D:7)
  3 bullfrogs
  2 scorpions
  7 wights (D:8)
  6 killer bees
  A jelly (D:8)
  5 hounds
  3 bombardier beetles
  5 orc priests
  Crazy Yiuf (D:7)
  Ijyb (D:3)
  5 sleepcaps
  An iguana (D:6)
  3 orc wizards
  4 adders
  A white imp (D:5)
  3 ufetubi
  2 dart slugs
  28 orcs
  8 ball pythons
  5 endoplasms
  4 giant cockroaches
  3 goblins
  2 hobgoblins
  15 jackals
  10 kobolds
  3 quokkas (D:1)
  4 bats
  6 frilled lizards
  5 rats
175 creatures vanquished.

Vanquished Creatures (collateral kills)
  3 foxfires (D:7)
3 creatures vanquished.

Vanquished Creatures (others)
  798 foxfires
798 creatures vanquished.

Grand Total: 976 creatures vanquished

Notes
Turn   | Place    | Note
-------+----------+-------------------------------------------
     0 | D:1      | Arctor the Deep Elf Fire Elementalist began the quest for
                  | the Orb.
     0 | D:1      | Reached XP level 1. HP: 10/10 MP: 6/6
   199 | D:1      | Reached XP level 2. HP: 15/15 MP: 5/8
   202 | D:1      | Learned a level 2 spell: Scorch
  1026 | D:1      | Reached XP level 3. HP: 17/19 MP: 0/9
  2171 | D:2      | Reached XP level 4. HP: 24/24 MP: 4/11
  2502 | D:3      | Noticed Ijyb
  2887 | D:3      | Killed Ijyb
  2888 | D:3      | Reached skill level 4 in Fire Magic
  3690 | D:4      | You fall into a shaft and drop 2 floors!
  3725 | D:6      | Reached XP level 5. HP: 28/28 MP: 6/13
  3773 | D:6      | Noticed a sky beast
  3780 | D:6      | Killed a sky beast
  3842 | D:6      | Reached XP level 6. HP: 32/32 MP: 9/14
  3930 | D:6      | Reached skill level 5 in Fire Magic
  4134 | D:6      | Noticed a sky beast
  4143 | D:6      | Killed a sky beast
  4144 | D:6      | Reached skill level 5 in Spellcasting
  4144 | D:6      | Reached XP level 7. HP: 36/36 MP: 6/16
  4269 | D:5      | Entered Level 5 of the Dungeon
  4452 | D:5      | Reached skill level 5 in Stealth
  4680 | D:5      | Identified the +1 leather armour "Coch" {Int+3 SInv}
  4688 | D:5      | Reached skill level 6 in Fire Magic
  4953 | D:5      | Learned a level 3 spell: Volatile Blastmotes
  4978 | D:5      | Reached skill level 5 in Dodging
  5116 | D:5      | Reached XP level 8. HP: 41/41 MP: 8/18
  5277 | D:5      | Noticed Edmund
  5286 | D:5      | Killed Edmund
  5619 | D:6      | Reached skill level 7 in Fire Magic
  5859 | D:6      | Found Idepp's Distillery.
  6383 | D:7      | Reached skill level 5 in Conjurations
  6530 | D:7      | Found a staircase to the Ecumenical Temple.
  6541 | Temple   | Entered the Ecumenical Temple
  6547 | Temple   | Learned a level 4 spell: Flame Wave
  6577 | Temple   | Became a worshipper of Sif Muna the Loreminder
  6757 | D:7      | Found a runed translucent door.
  6758 | D:7      | Noticed Crazy Yiuf
  6826 | D:7      | Noticed Pikel
  7006 | D:7      | Killed Pikel
  7007 | D:7      | Reached skill level 8 in Fire Magic
  7007 | D:7      | Reached XP level 9. HP: 44/45 MP: 14/21
  7305 | D:7      | Found a radiant altar of Vehumet.
  8316 | D:7      | Killed Crazy Yiuf
  8681 | D:8      | Reached skill level 9 in Fire Magic
  9158 | D:8      | Gained mutation: You occasionally lose the ability to drink
                  | potions when taking damage. [potion of mutation]
  9158 | D:8      | Gained mutation: You are agile. (Dex +4, Str/Int -1)
                  | [potion of mutation]
  9158 | D:8      | Gained mutation: You are weak. (Str -2) [potion of
                  | mutation]
  9158 | D:8      | Gained mutation: You have sharp toenails. [potion of
                  | mutation]
  9654 | D:8      | Reached * piety under Sif Muna
  9665 | D:8      | Reached XP level 10. HP: 30/50 MP: 1/24
 10011 | D:8      | Reached skill level 10 in Fire Magic
 10705 | D:9      | Reached skill level 1 in Invocations
 10904 | D:9      | HP: 2/50 [troll (14)]
 10907 | D:9      | Slain by a troll

Illustrated notes

Levels and vault maps discovered:
D:1:      sevenhm_arrival_forest_fort_small_3, layout_loops_corners
D:2:      layout_basic, kennysheep_generic_room_14
D:3:      layout_loops_ring, serial_glass, glass_columns_b, glass_columns_a,
          glass_columns_b, glass_columns_a, glass_columns_b, glass_columns_a,
          uniq_ijyb
D:4:      layout_basic
D:5:      layout_rooms, uniq_edmund
D:6:      layout_cave_pools, serial_shops, shop
D:7:      layout_layer_cave, mainiacjoe_overflow_alcove_4, temple_statues,
          serial_glass, glass_columns_a, glass_columns_b, glass_columns_b,
          glass_columns_b, glass_columns_b, glass_columns_c, glass_columns_c,
          glass_columns_b, bh_walls_and_bars, uniq_crazy_yiuf_cottage,
          uniq_pikel
D:8:      layout_loops_ring
D:9:      layout_loops_ring, mainiacjoe_overflow_divided_tiny,
          hiddenorc2_lemuel, serial_ice, serial_ice_g, serial_ice_c,
          serial_ice_e, serial_ice_l
Temple:   dpeg_five_rooms_temple

Skill      XL: |  1  2  3  4  5  6  7  8  9 10 |
---------------+-------------------------------+-----
Stealth        | 3 4 5 7 8 |  8.6
Dodging        | 3 4 5 6 7 8 |  8.0
Conjurations   | 2 3 4 5 6 |  6.8
Fire Magic     | 4 5 6 8 9 10 | 10.2
Spellcasting   | 4 5 7 8 |  8.6
Invocations    | 1 |  1.3

Action                     |  1- 3 |  4- 6 |  7- 9 | 10-12 || total
---------------------------+-------+-------+-------+-------++-------
  Melee: Unarmed           |     4 |       |       |       ||     4
         Dagger            |     9 |     5 |     2 |     6 ||    22
         Kick              |       |       |       |     2 ||     2
   Cast: Foxfire           |   100 |   119 |   233 |    45 ||   497
         Scorch            |    10 |    11 |    67 |    25 ||   113
         Flame Wave        |       |       |     1 |     1 ||     2
    Use: Scroll            |       |     1 |     6 |       ||     7
         Potion            |       |       |     5 |     1 ||     6
   Stab: Sleeping          |     1 |       |       |       ||     1
 Armour: Robe              |    21 |     8 |    10 |       ||    39
         Leather armour    |       |       |    46 |    22 ||    68
         Skin              |       |       |    14 |       ||    14
  Dodge: Dodged            |    26 |    10 |    88 |    23 ||   147
  Block: Buckler           |    11 |     8 |    19 |    12 ||    50
